 Dungeon Crawl Stone Soup version 0.22.1-2-g9c5b331383 (webtiles) character file.

2457 H0rd4k the Cutter (level 9, -30/68 HPs)
             Began as a Human Artificer on Dec 6, 2018.
             Annihilated by a two-headed ogre
             ... wielding a +0 giant spiked club
              (40 damage)
             ... on level 8 of the Dungeon.
             The game lasted 00:21:18 (8580 turns).

H0rd4k the Cutter (Human Artificer)                 Turns: 8580, Time: 00:21:18

Health: -30/68     AC:  5    Str: 14    XL:     9   Next: 79%
Magic:  21/21      EV: 14    Int: 18    God:
Gold:   547        SH:  0    Dex: 13    Spells: 8/8 levels left

rFire    . . .     SeeInvis .   H - +7 trident "Mymost" {flame, *Rage rPois MR+ Int+4}
rCold    . . .     Gourm    .   (no shield)
rNeg     . . .     Faith    .   b - +0 leather armour
rPois    +         Spirit   .   Q - +1 helmet
rElec    .         Reflect  .   o - scarf {cloud immunity}
rCorr    .         Harm     +   (no gloves)
MR       +....     Rnd*Rage +   (no boots)
Stlth    +++.......             G - amulet of harm
HPRegen  0.21/turn              C - ring of magical power
MPRegen  0.17/turn              A - ring of stealth

@: no status effects
A: no striking features
a: no special abilities


You were on level 8 of the Dungeon.
You were not hungry.

You visited 1 branch of the dungeon, and saw 8 of its levels.

You collected 547 gold pieces.

Inventory:

Hand Weapons
 a - a +0 short sword
 t - a +0 hunting sling
 y - a +0 hunting sling
 H - the +7 trident "Mymost" (weapon) {flame, *Rage rPois MR+ Int+4}
   (You found it on level 6 of the Dungeon)

   It has been specially enchanted to burn those struck by it, causing extra
   injury to most foes and up to half again as much damage against particularly
   susceptible opponents.
   It affects your intelligence (+4).
   It protects you from poison.
   It affects your resistance to hostile enchantments.
   It may make you go berserk in combat.
 M - a cursed -3 shortbow
 N - a cursed -3 dagger
Missiles
 n - 131 arrows
 z - 30 bolts
Armour
 b - a +0 leather armour (worn)
 o - a scarf of cloud immunity (worn)
 D - a +0 pair of boots
 Q - a +1 helmet (worn)
Jewellery
 m - a +1 ring of protection
 A - a ring of stealth (right hand)
 C - a ring of magical power (left hand)
 G - an amulet of harm (around neck)
 P - an uncursed ring of ice {unknown}
Wands
 d - a wand of enslavement (11)
 e - a wand of random effects (5)
 F - a wand of digging (12)
 S - a wand of disintegration (10)
Scrolls
 c - a scroll of fog {unknown}
 g - 2 scrolls of enchant armour {unknown}
 j - 4 scrolls of enchant weapon {unknown}
 k - 5 scrolls of identify {unknown}
 l - 5 scrolls of remove curse {unknown}
 p - 8 scrolls of teleportation {unknown}
 q - 2 scrolls of fear {unknown}
 v - a scroll of amnesia {unknown}
 B - a scroll of noise {unknown}
 E - 2 scrolls of magic mapping {unknown}
 I - a scroll of random uselessness {unknown}
 K - a scroll of vulnerability {unknown}
 O - 2 scrolls of immolation {unknown}
 R - a scroll of holy word {unknown}
Potions
 h - a potion of lignification {unknown}
 i - 2 potions of curing
 r - 2 potions of brilliance {unknown}
 s - a potion of berserk rage {unknown}
 u - 2 potions of haste
 w - 3 potions of heal wounds {unknown}
 x - 2 potions of magic {unknown}
 J - a potion of flight {unknown}
 L - 2 potions of degeneration {unknown}
Comestibles
 f - 13 rations


   Skills:
 + Level 5.0 Fighting
 + Level 5.5 Short Blades
 + Level 5.3 Polearms
 + Level 4.0 Armour
 + Level 5.2 Dodging
 + Level 4.2 Stealth
 + Level 4.6 Evocations


You had 8 spell levels left.
You didn't know any spells.
Your spell library was empty.

Dungeon Overview and Level Annotations

Branches:
Dungeon (8/15)             Temple (0/1) D:7
   Lair: D:8-11

Altars:
Ashenzari
Hepliaklqana
Kikubaaqudgha
Sif Muna
Trog
Uskayaw
Zin
The Shining One

Shops:
D:7 *

Annotations:
D:3 exclusion: downstairs
D:4 exclusions: downstairs and orc wizard
D:5 exclusion: upstairs
D:6 1 exclusion


Message History

Found a ration and 20 gold pieces.
Found a hide-covered altar of Uskayaw.
The helpless two-headed ogre fails to defend itself.
You puncture the two-headed ogre! You burn the two-headed ogre.
The two-headed ogre is moderately wounded.
The two-headed ogre hits you with a giant spiked club! x2
You puncture the two-headed ogre! You burn the two-headed ogre.
The two-headed ogre is severely wounded.
The quokka bites you.
You barely miss the two-headed ogre.
The two-headed ogre is severely wounded.
The two-headed ogre barely misses you.
The two-headed ogre hits you with a giant spiked club!
* * * LOW HITPOINT WARNING * * *
The quokka barely misses you.
You hit the two-headed ogre. You burn the two-headed ogre.
The two-headed ogre is severely wounded.
The quokka barely misses you.
The two-headed ogre hits you with a giant spiked club!!
Ouch! That really hurt!
You die...

# #.. # ## #...
##.. # ......... #
#..#.#.. # #..._..
####### #..#.#
......# #....#
#.#.#.#########...#
................@.#
#.#.#.##########rO#
#.......... #..#
########### #..#
#..# ..%# #..$ ###.


You could see a two-headed ogre and a quokka.

Vanquished Creatures
  A hippogriff (D:7)
  Sigmund (D:2)
  An ice beast (D:5)
  An orc warrior (D:6)
  A sky beast (D:7)
  2 phantoms
  7 ogres
  A centaur (D:6)
  A big kobold (D:7)
  A bullfrog (D:7)
  2 scorpions
  3 crimson imps
  A centaur zombie (D:6)
  3 orc priests
  4 hounds
  An orc wizard (D:6)
  A bullfrog skeleton (D:6)
  A centaur skeleton (D:5)
  2 worker ants
  A hound zombie (D:6)
  A worker ant zombie (D:7)
  4 gnolls (D:4)
  8 adders
  A shadow imp (D:5)
  An ooze (D:3)
  3 adder skeletons
  4 worms
  A dart slug (D:3)
  6 leopard geckos
  15 orcs
  A bat (D:3)
  7 giant cockroaches
  9 goblins
  5 hobgoblins
  10 jackals
  13 kobolds
  6 quokkas
  A ball python (D:3)
  4 frilled lizards
  A leopard gecko skeleton (D:7)
  A quokka zombie (D:7)
  7 rats
145 creatures vanquished.

Vanquished Creatures (others)
  A quasit (D:5)
  A hound (D:5)
2 creatures vanquished.

Grand Total: 147 creatures vanquished

Notes
Turn   | Place    | Note
-------+----------+-------------------------------------------
     0 | D:1      | H0rd4k the Human Artificer began the quest for the Orb.
     0 | D:1      | Reached XP level 1. HP: 15/15 MP: 3/3
   376 | D:1      | Found a shattered altar of Ashenzari.
   456 | D:1      | Reached XP level 2. HP: 13/21 MP: 4/4
   687 | D:2      | Reached XP level 3. HP: 23/26 MP: 5/5
  1292 | D:2      | Reached XP level 4. HP: 25/32 MP: 6/6
  1442 | D:2      | Noticed Sigmund
  1452 | D:2      | Killed Sigmund
  1452 | D:2      | Reached XP level 5. HP: 22/38 MP: 8/8
  1452 | D:2      | Reached XP level 6. HP: 26/44 MP: 9/9
  2876 | D:3      | Found a hazy altar of Hepliaklqana.
  2882 | D:3      | Found an ancient bone altar of Kikubaaqudgha.
  3272 | D:4      | Found a glowing golden altar of the Shining One.
  3621 | D:5      | Entered Level 5 of the Dungeon
  3878 | D:4      | Found a deep blue altar of Sif Muna.
  4202 | D:4      | Reached XP level 7. HP: 48/51 MP: 10/10
  5001 | D:5      | Found a deep blue altar of Sif Muna.
  5677 | D:6      | Reached XP level 8. HP: 58/58 MP: 11/11
  6411 | D:6      | Got a transparent trident
  6412 | D:6      | Identified the +7 trident "Mymost" {flame, *Rage rPois MR+
                  | Int+4} (You found it on level 6 of the Dungeon)
  6539 | D:6      | Reached skill level 5 in Short Blades
  6863 | D:6      | Reached skill level 1 in Polearms
  6962 | D:6      | Found a bloodstained altar of Trog.
  7171 | D:6      | Reached XP level 9. HP: 35/65 MP: 12/12
  7603 | D:7      | Found a staircase to the Ecumenical Temple.
  7645 | D:7      | Noticed a hippogriff
  7889 | D:7      | Killed a hippogriff
  7955 | D:7      | Found Zin's Purification Station.
  7956 | D:7      | Found a glowing silver altar of Zin.
  8141 | D:7      | Reached skill level 5 in Dodging
  8491 | D:8      | Reached skill level 5 in Polearms
  8504 | D:8      | Reached skill level 5 in Fighting
  8570 | D:8      | Noticed a two-headed ogre
  8575 | D:8      | Found a hide-covered altar of Uskayaw.
  8580 | D:8      | Annihilated by a two-headed ogre

Skill      XL: |  1  2  3  4  5  6  7  8  9 |
---------------+----------------------------+-----
Evocations     | 4 |  4.6
Fighting       | 2 3 4 5 |  5.0
Short Blades   | 2 3 4 5 |  5.5
Armour         | 2 3 4 |  4.0
Stealth        | 2 3 4 |  4.2
Dodging        | 3 4 5 |  5.2
Polearms       | 2 5 |  5.3

Action                   |  1- 3 |  4- 6 |  7- 9 || total
-------------------------+-------+-------+-------++-------
Melee: Short sword       |    98 |   236 |   210 ||   544
       Trident           |       |       |   136 ||   136
Evoke: Wand              |     5 |    10 |    14 ||    29
  Use: Potion            |       |     1 |     1 ||     2
 Stab: Sleeping          |     2 |     2 |     9 ||    13
       Confused          |       |       |     2 ||     2
       Distracted        |       |       |     1 ||     1
  Eat: Chunk             |     1 |    10 |     8 ||    19
       Ration            |       |       |     2 ||     2
Armor: Leather armour    |    24 |    31 |    54 ||   109
Dodge: Dodged            |    49 |   124 |   218 ||   391
